MLB
ST. LOUIS CARDINALS @ TORONTO BLUE JAYS
08/19/2020
 
TOP OF THE 1ST
St. Louis Cardinals batting - Pitching for Toronto Blue Jays : RHP Chi Chi Gonzalez
Pitching: RHP Chi Chi Gonzalez
Batting: RHB Luis Urias 0-0: Ball
1-0: Swinging Strike
1-1: Called Strike
1-2: Ball
2-2: Ball
3-2: Base on Balls
Batting: LHB Juan Soto 0-0: Ball
1-0: Ball
2-0: Called Strike
2-1: Foul Ball, location: 2F
2-2: Foul Ball, location: 2F
2-2: SINGLE (Flyball, 7LS, EV 92.5 MPH)
Luis Urias to second
Batting: SHB Ozzie Albies 0-0: Ball
1-0: Ball
2-0: Foul Ball, location: 2F
2-1: Fly out, F8 (Line Drive, 8RD, EV 93.1 MPH)
Runner from 2nd tags up, SAFE at 3rd with throw by CF
Batting: RHB Alex Bregman 0-0: Ball
1-0: Foul Ball, location: 2F
1-1: Ball
2-1: Fly out, F7 (Flyball, 7, EV 95.0 MPH)
Runner from 3rd tags up, SCORES, throw by LF
Batting: LHB Austin Meadows 0-0: Ball
1-0: Ball
2-0: 2-RUN HOME RUN (Flyball, 9D, EV 103.1 MPH), Distance : 383 ft
Batting: SHB Yasmani Grandal 0-0: Ball
1-0: Ground out 4-3 (Groundball, 34, EV 100.6 MPH)
Top of the 1st over - 3 runs, 2 hits, 0 errors, 0 left on base; St. Louis 3 - Toronto 0
BOTTOM OF THE 1ST
Toronto Blue Jays batting - Pitching for St. Louis Cardinals : RHP Jesse Hahn
Pitching: RHP Jesse Hahn
Batting: RHB Danny Mendick 0-0: Ball
1-0: Ball
2-0: Ball
3-0: Called Strike
3-1: Foul Ball, location: 2F
3-2: Foul Ball, location: 2F
3-2: Base on Balls
Batting: RHB Mauricio Dubon 0-0: Foul Ball, location: 2F
0-1: Ball
1-1: Ball
2-1: Called Strike
2-2: Foul Ball, location: 2F
2-2: Foul Ball, location: 2F
2-2: Ball
3-2: Base on Balls
Danny Mendick to second
Batting: RHB Kris Bryant 0-0: Ball
1-0: Ball
2-0: Called Strike
2-1: Ball
3-1: Called Strike
3-2: Foul Ball, location: 2F
3-2: Grounds into double play, 6-4-3 (Groundball, 6, EV 83.8 MPH)
Danny Mendick to third
Batting: RHB Jorge Soler 0-0: Ball
1-0: Called Strike
1-1: Swinging Strike
1-2: 2-RUN HOME RUN (Flyball, 7D, EV 105.6 MPH), Distance : 381 ft
Batting: RHB Robinson Chirinos 0-0: Ball
1-0: Ball
2-0: Ground out 6-3 (Groundball, 6, EV 81.9 MPH)
Bottom of the 1st over - 2 runs, 1 hit, 0 errors, 0 left on base; St. Louis 3 - Toronto 2
TOP OF THE 2ND
St. Louis Cardinals batting - Pitching for Toronto Blue Jays : RHP Chi Chi Gonzalez
Batting: RHB Todd Frazier 0-0: Called Strike
0-1: Foul Ball, location: 2F
0-2: Ball
1-2: Ball
2-2: Ball
3-2: Reached on error, E5 (Groundball, 56, EV 82.5 MPH)
Batting: LHB Matt Olson 0-0: Sac Bunt to 15 - play at first, batter OUT! 1-3
Todd Frazier to second
Batting: RHB Hernan Perez 0-0: Ball
1-0: Swinging Strike
1-1: Foul Ball, location: 2F
1-2: Ground out 5-3 (Groundball, 56S, EV 88.8 MPH)
Batting: RHB Luis Urias 0-0: Ball
1-0: Foul Ball, location: 2F
1-1: SINGLE (Groundball, 56D, EV 99.4 MPH)
Todd Frazier to third
Runner from 3rd tries for Home, throw by LF and OUT! 7-2
Top of the 2nd over - 0 runs, 1 hit, 1 error, 1 left on base; St. Louis 3 - Toronto 2
BOTTOM OF THE 2ND
Toronto Blue Jays batting - Pitching for St. Louis Cardinals : RHP Jesse Hahn
Batting: RHB Aledmys Diaz 0-0: Foul Ball, location: 2F
0-1: Ball
1-1: Ball
2-1: Foul Ball, location: 2F
2-2: Foul Ball, location: 2F
2-2: Foul Ball, location: 2F
2-2: Foul Ball, location: 2F
2-2: Ball
3-2: Base on Balls
Batting: LHB Donovan Walton 0-0: Grounds into double play, 4-6-3 (Groundball, 4S, EV 91.9 MPH)
Batting: RHB Enrique Hernandez 0-0: Ball
1-0: Foul Ball, location: 2F
1-1: Ball
2-1: Fly out, F2 (Popup, 3SF, EV 79.4 MPH)
Bottom of the 2nd over - 0 runs, 0 hits, 0 errors, 0 left on base; St. Louis 3 - Toronto 2
TOP OF THE 3RD
St. Louis Cardinals batting - Pitching for Toronto Blue Jays : RHP Chi Chi Gonzalez
Batting: LHB Juan Soto 0-0: Ball
1-0: Ball
2-0: Called Strike
2-1: Foul Ball, location: 2F
2-2: Strikes out swinging
Batting: SHB Ozzie Albies 0-0: Ball
1-0: Swinging Strike
1-1: Fly out, F4 (Popup, 3D, EV 53.8 MPH)
Batting: RHB Alex Bregman 0-0: Called Strike
0-1: Ball
1-1: Ball
2-1: Called Strike
2-2: Strikes out swinging
Top of the 3rd over - 0 runs, 0 hits, 0 errors, 0 left on base; St. Louis 3 - Toronto 2
BOTTOM OF THE 3RD
Toronto Blue Jays batting - Pitching for St. Louis Cardinals : RHP Jesse Hahn
Batting: RHB Keon Broxton 0-0: Ball
1-0: Swinging Strike
1-1: Called Strike
1-2: Strikes out swinging
Batting: RHB Danny Mendick 0-0: Ball
1-0: Foul Ball, location: 2F
1-1: Foul Ball, location: 2F
1-2: Foul Ball, location: 2F
1-2: Strikes out swinging
Batting: RHB Mauricio Dubon 0-0: Called Strike
0-1: Called Strike
0-2: SINGLE (Flyball, 56D, EV 88.1 MPH)
Batting: RHB Kris Bryant 0-0: Called Strike
0-1: DOUBLE (Line Drive, 78XD, EV 105.0 MPH)
Mauricio Dubon to third
Runner from 3rd tries for Home, SAFE, throw by CF to trailing runner, OUT at third! 8-3-5
Bottom of the 3rd over - 1 run, 2 hits, 0 errors, 0 left on base; St. Louis 3 - Toronto 3
TOP OF THE 4TH
St. Louis Cardinals batting - Pitching for Toronto Blue Jays : RHP Chi Chi Gonzalez
Batting: LHB Austin Meadows 0-0: Fly out, F9 (Flyball, 89S, EV 80.6 MPH)
Batting: SHB Yasmani Grandal 0-0: Called Strike
0-1: Foul Ball, location: 2F
0-2: Fly out, F8 (Flyball, 8RS, EV 91.9 MPH)
Batting: RHB Todd Frazier 0-0: Ball
1-0: Foul Ball, location: 2F
1-1: Ball
2-1: Ball
3-1: Base on Balls
Batting: LHB Matt Olson 0-0: Swinging Strike
0-1: Called Strike
0-2: Ball
1-2: Foul Ball, location: 2F
1-2: Foul Ball, location: 2F
1-2: Ball
2-2: Foul Ball, location: 2F
2-2: SINGLE (Groundball, 3L, EV 105.0 MPH)
Todd Frazier to second
Runner from 2nd tries for 3rd, SAFE, no throw by RF
Batting: RHB Hernan Perez 0-0: Called Strike
0-1: Ball
1-1: Ball
2-1: 3-RUN HOME RUN (Flyball, 7D, EV 95.6 MPH), Distance : 392 ft
Pitching: RHP Alec Bettinger
Batting: RHB Luis Urias 0-0: Ball
1-0: Ball
2-0: Foul Ball, location: 2F
2-1: Fly out, F7 (Flyball, 7D, EV 90.0 MPH)
Top of the 4th over - 3 runs, 2 hits, 0 errors, 0 left on base; St. Louis 6 - Toronto 3
BOTTOM OF THE 4TH
Toronto Blue Jays batting - Pitching for St. Louis Cardinals : RHP Jesse Hahn
Batting: RHB Jorge Soler 0-0: Ball
1-0: Ground out 5-3 (Groundball, 56S, EV 68.8 MPH)
Batting: RHB Robinson Chirinos 0-0: Called Strike
0-1: Foul Ball, location: 2F
0-2: Ball
1-2: Foul Ball, location: 2F
1-2: Ball
2-2: SINGLE (Groundball, 4MD, EV 106.9 MPH)
Batting: RHB Aledmys Diaz 0-0: Ball
1-0: Ball
2-0: DOUBLE (Line Drive, 89D, EV 108.8 MPH)
Robinson Chirinos to third
Batting: LHB Donovan Walton 0-0: Ball
1-0: Ball
2-0: Called Strike
2-1: Foul Ball, location: 2F
2-2: Strikes out swinging
Batting: RHB Enrique Hernandez 0-0: Foul Ball, location: 2F
0-1: Ball
1-1: Ball
2-1: Foul Ball, location: 2F
2-2: Foul Ball, location: 2F
2-2: Ball
3-2: Ground out 5-3 (Groundball, 15, EV 80.0 MPH)
Bottom of the 4th over - 0 runs, 2 hits, 0 errors, 2 left on base; St. Louis 6 - Toronto 3
TOP OF THE 5TH
St. Louis Cardinals batting - Pitching for Toronto Blue Jays : RHP Alec Bettinger
Batting: LHB Juan Soto 0-0: Foul Ball, location: 2F
0-1: Swinging Strike
0-2: Ball
1-2: Ball
2-2: Strikes out swinging
Batting: SHB Ozzie Albies 0-0: Called Strike
0-1: Ball
1-1: Called Strike
1-2: Foul Ball, location: 2F
1-2: Strikes out looking
Batting: RHB Alex Bregman 0-0: Ball
1-0: Foul Ball, location: 2F
1-1: Ball
2-1: Fly out, F5 (Popup, 56S, EV 68.1 MPH)
Top of the 5th over - 0 runs, 0 hits, 0 errors, 0 left on base; St. Louis 6 - Toronto 3
BOTTOM OF THE 5TH
Toronto Blue Jays batting - Pitching for St. Louis Cardinals : RHP Jesse Hahn
Pitching: RHP Pedro Strop
Batting: RHB Keon Broxton 0-0: Called Strike
0-1: Foul Ball, location: 2F
0-2: Strikes out swinging
Batting: RHB Danny Mendick 0-0: Ball
1-0: Foul Ball, location: 2F
1-1: Ball
2-1: Fly out, F2 (Popup, 3SF, EV 78.1 MPH)
Batting: RHB Mauricio Dubon 0-0: Ball
1-0: Swinging Strike
1-1: Ground out U3 (Groundball, 3, EV 90.6 MPH)
Bottom of the 5th over - 0 runs, 0 hits, 0 errors, 0 left on base; St. Louis 6 - Toronto 3
TOP OF THE 6TH
St. Louis Cardinals batting - Pitching for Toronto Blue Jays : RHP Alec Bettinger
Batting: LHB Austin Meadows 0-0: Called Strike
0-1: Foul Ball, location: 2F
0-2: Strikes out swinging
Batting: SHB Yasmani Grandal 0-0: Ball
1-0: Swinging Strike
1-1: Swinging Strike
1-2: Strikes out looking
Batting: RHB Todd Frazier 0-0: Fly out, F6 (Popup, 6, EV 68.1 MPH)
Top of the 6th over - 0 runs, 0 hits, 0 errors, 0 left on base; St. Louis 6 - Toronto 3
BOTTOM OF THE 6TH
Toronto Blue Jays batting - Pitching for St. Louis Cardinals : RHP Pedro Strop
Batting: RHB Kris Bryant 0-0: Ball
1-0: Foul Ball, location: 2F
1-1: Fly out, F7 (Flyball, 78M, EV 94.4 MPH)
Batting: RHB Jorge Soler 0-0: DOUBLE (Line Drive, 9LS, EV 97.5 MPH)
Batting: RHB Robinson Chirinos 0-0: Ball
1-0: Ball
2-0: Called Strike
2-1: Swinging Strike
2-2: Strikes out swinging
Pitching: LHP Justin Wilson
Batting: RHB Aledmys Diaz 0-0: Foul Ball, location: 2F
0-1: Swinging Strike
Passed Ball!
Jorge Soler to third
0-2: Ball
1-2: Ball
2-2: Strikes out swinging
Bottom of the 6th over - 0 runs, 1 hit, 0 errors, 1 left on base; St. Louis 6 - Toronto 3
TOP OF THE 7TH
St. Louis Cardinals batting - Pitching for Toronto Blue Jays : RHP Alec Bettinger
Pitching: RHP Dauris Valdez
Batting: LHB Matt Olson 0-0: Foul Ball, location: 2F
0-1: Swinging Strike
0-2: Ball
1-2: Strikes out swinging
Batting: RHB Hernan Perez 0-0: Swinging Strike
0-1: Ball
1-1: Ball
2-1: Ball
3-1: Called Strike
3-2: Base on Balls
Batting: RHB Luis Urias 0-0: Ball
1-0: Foul Ball, location: 2F
1-1: Swinging Strike
1-2: Strikes out swinging
Batting: LHB Juan Soto 0-0: Called Strike
0-1: Ball
Wild Pitch!
Hernan Perez to second
1-1: Called Strike
1-2: Foul Ball, location: 2F
1-2: Strikes out swinging
Top of the 7th over - 0 runs, 0 hits, 0 errors, 1 left on base; St. Louis 6 - Toronto 3
BOTTOM OF THE 7TH
Toronto Blue Jays batting - Pitching for St. Louis Cardinals : LHP Justin Wilson
Pitching: LHP Jose Alvarez
Batting: LHB Donovan Walton 0-0: Called Strike
0-1: Ground out 4-3 (Groundball, 4, EV 75.6 MPH)
Batting: RHB Enrique Hernandez 0-0: Ball
1-0: Swinging Strike
1-1: Ball
2-1: Foul Ball, location: 2F
2-2: Ground out U3 (Groundball, 34, EV 88.1 MPH)
Batting: RHB Keon Broxton 0-0: Called Strike
0-1: Foul Ball, location: 2F
0-2: Ball
1-2: Strikes out swinging
Bottom of the 7th over - 0 runs, 0 hits, 0 errors, 0 left on base; St. Louis 6 - Toronto 3
TOP OF THE 8TH
St. Louis Cardinals batting - Pitching for Toronto Blue Jays : RHP Dauris Valdez
Pitching: RHP Jeremy Walker
Batting: SHB Ozzie Albies 0-0: Ball
1-0: Ball
2-0: Ball
3-0: Base on Balls
Batting: RHB Alex Bregman 0-0: Ball
1-0: Ball
2-0: Swinging Strike
2-1: Foul Ball, location: 2F
2-2: Strikes out looking
Batting: LHB Austin Meadows 0-0: Called Strike
0-1: Foul Ball, location: 2F
0-2: Ball
Wild Pitch!
Ozzie Albies to second
1-2: Strikes out looking
Batting: SHB Yasmani Grandal 0-0: Called Strike
0-1: Ball
1-1: SINGLE (Groundball, 34D, EV 95.6 MPH)
Ozzie Albies to third
Runner from 3rd tries for Home, SAFE, throw by RF to home
Yasmani Grandal to second
Batting: RHB Todd Frazier 0-0: Called Strike
0-1: Foul Ball, location: 2F
0-2: Ball
1-2: Strikes out looking
Top of the 8th over - 1 run, 1 hit, 0 errors, 1 left on base; St. Louis 7 - Toronto 3
BOTTOM OF THE 8TH
Toronto Blue Jays batting - Pitching for St. Louis Cardinals : LHP Jose Alvarez
Pitching: RHP Ben Rowen
Batting: RHB Danny Mendick 0-0: Called Strike
0-1: Ball
1-1: Swinging Strike
1-2: Foul Ball, location: 2F
1-2: Fly out, F9 (Flyball, 89M, EV 81.3 MPH)
Batting: RHB Mauricio Dubon 0-0: Ball
1-0: Foul Ball, location: 2F
1-1: Foul Ball, location: 2F
1-2: Strikes out swinging
Batting: RHB Kris Bryant 0-0: Swinging Strike
0-1: Called Strike
0-2: Ball
1-2: Foul Ball, location: 2F
1-2: Foul Ball, location: 2F
1-2: Foul Ball, location: 2F
1-2: Ball
2-2: Foul Ball, location: 2F
2-2: Ball
3-2: Ground out 5-3 (Groundball, 56, EV 108.1 MPH)
Bottom of the 8th over - 0 runs, 0 hits, 0 errors, 0 left on base; St. Louis 7 - Toronto 3
TOP OF THE 9TH
St. Louis Cardinals batting - Pitching for Toronto Blue Jays : RHP Jeremy Walker
Pitching: RHP Trevor Rosenthal
Batting: LHB Matt Olson 0-0: Ball
1-0: Called Strike
1-1: Foul Ball, location: 2F
1-2: Strikes out looking
Batting: RHB Hernan Perez 0-0: Ball
1-0: Swinging Strike
1-1: Swinging Strike
1-2: Ground out 6-3 (Groundball, 4M, EV 103.8 MPH)
Batting: RHB Luis Urias 0-0: Ball
1-0: Called Strike
1-1: Ball
2-1: Ball
3-1: Base on Balls
Batting: LHB Juan Soto 0-0: Called Strike
0-1: Ball
1-1: Ball
2-1: Swinging Strike
2-2: Strikes out swinging
Top of the 9th over - 0 runs, 0 hits, 0 errors, 1 left on base; St. Louis 7 - Toronto 3
BOTTOM OF THE 9TH
Toronto Blue Jays batting - Pitching for St. Louis Cardinals : RHP Ben Rowen
Pitching: RHP Dillon Maples
Batting: RHB Jorge Soler 0-0: Ball
1-0: Foul Ball, location: 2F
1-1: Called Strike
1-2: Foul Ball, location: 2F
1-2: Ball
2-2: Ball
3-2: Foul Ball, location: 2F
3-2: Strikes out looking
Batting: RHB Robinson Chirinos 0-0: Called Strike
0-1: DOUBLE (Line Drive, 78XD, EV 102.5 MPH)
Batting: RHB Aledmys Diaz 0-0: Ball
1-0: Foul Ball, location: 2F
1-1: Ball
2-1: Ball
3-1: Called Strike
3-2: 2-RUN HOME RUN (Line Drive, 7LD, EV 107.5 MPH), Distance : 356 ft
Pitching: RHP Dellin Betances
Now in CF: Brett Phillips
Batting: LHB Donovan Walton 0-0: Ball
1-0: Ball
2-0: Foul Ball, location: 2F
2-1: Foul Ball, location: 2F
2-2: Ground out U3 (Groundball, 3, EV 103.8 MPH)
Batting: RHB Enrique Hernandez 0-0: SOLO HOME RUN (Flyball, 89XD, EV 95.6 MPH), Distance : 408 ft
Pinch Hitting: SHB Josh Bell 0-0: Called Strike
0-1: Ball
1-1: Foul Ball, location: 2F
1-2: Ball
2-2: Strikes out swinging
Bottom of the 9th over - 3 runs, 3 hits, 0 errors, 0 left on base; St. Louis 7 - Toronto 6
Wednesday, October 21st, 2020 - OOTP Baseball 21.6 Build 83